[Event "Team 45 45 League T92"]
[Site "Internet Chess Club"]
[Date "2022.04.24"]
[Round "2"]
[White "hipopotamos"]
[Black "Sloggi"]
[Result "0-1"]
[WhiteElo "1717"]
[BlackElo "2001"]
[Opening "Caro-Kann: exchange variation"]
[ECO "B13"]
[Time "22:00:26"]
[PlyCount "64"]
[TimeControl "2700+45"]

1. e4 c6 2. d4 d5 3. exd5 cxd5 4. Bd3 Nc6 5. Nf3 Bg4 6. Be3 Nf6 7. O-O e6 8.
Nbd2 Be7 9. c3 O-O 10. Qc2 Rc8 11. Ne5 Nb4 12. Bxh7+ Nxh7 13. Qa4 Be2 14. Rfe1
b5 15. Qxa7 Nc2 16. Rxe2 Nxa1 17. Bf4 b4 18. Re1 Nc2 19. Rc1 bxc3 20. bxc3 Rxc3
21. Nb1 Rc8 22. Nd7 Ra8 23. Qb7 Nxd4 24. Re1 Re8 25. Nb6 Bb4 26. Rd1 Ne2+ 27.
Kf1 Rxa2 28. Bc7 Qh4 29. Rd3 Qe4 30. Rd1 Nf4 31. Nd2 Qxg2+ 32. Ke1 Qg1# {White
checkmated} 0-1

[Event "Team 45 45 League T92"]
[Site "Internet Chess Club"]
[Date "2022.04.22"]
[Round "2"]
[White "fishhead"]
[Black "Timmah4651"]
[Result "1/2-1/2"]
[WhiteElo "1773"]
[BlackElo "1690"]
[Opening "Ruy Lopez: closed, Flohr-Zaitsev system (Lenzerheide variation)"]
[ECO "C92"]
[Time "22:01:12"]
[PlyCount "174"]
[TimeControl "2700+45"]

1. e4 e5 2. Nf3 Nc6 3. Bb5 a6 4. Ba4 Nf6 5. O-O b5 6. Bb3 Be7 7. Re1 O-O 8. h3
d6 9. c3 Bb7 10. d4 Nxe4 11. Rxe4 Nxd4 12. Rxd4 exd4 13. Nxd4 Re8 14. Qg4 Bf6
15. Be3 Re4 16. Qd1 Qe8 17. Qf1 c5 18. Nf5 Qd7 19. Ng3 Re7 20. Nd2 Rae8 21. Rd1
Bh4 22. Nh5 Qf5 23. g4 Qg6 24. Nf4 Qh6 25. Nd5 Rxe3 26. Nxe3 Rxe3 27. Re1 Rxe1
28. Qxe1 Kf8 29. Qe2 Qf4 30. Bc2 d5 31. Nf3 Bf6 32. Ne1 Qe5 33. Qxe5 Bxe5 34.
Nd3 Bd6 35. f4 f6 36. f5 d4 37. cxd4 cxd4 38. Nf2 Bd5 39. b3 Bf3 40. Kf1 Ke8 41.
Be4 Bxe4 42. Nxe4 Kd7 43. Ke2 Kc6 44. Kd3 Be5 45. g5 fxg5 46. Nxg5 h6 47. Ne4
Kd5 48. b4 Kc6 49. Nc5 a5 50. a3 axb4 51. axb4 Kd5 52. Ne4 Bf6 53. Nc5 Kd6 54.
Ke4 d3 55. Nxd3 Bc3 56. h4 Ke7 57. Nf4 Kd6 58. Nd5 Bd2 59. Kd4 Be1 60. h5 Bd2
61. Ke4 Be1 62. Kd4 Bf2+ 63. Ke4 Be1 64. Kd4 Bd2 65. Ke4 Bg5 66. Nc3 Kc6 67. Ne2
Bf6 68. Nf4 Bc3 69. Nd5 Bb2 70. Nf4 Kd6 71. Nd5 Bc1 72. Nc3 Kc6 73. Nd5 Bb2 74.
Nf4 Kd6 75. Nd5 Ba3 76. Kd4 Bb2+ 77. Ke4 Bf6 78. Nf4 Be5 79. Nd5 Bg3 80. f6 gxf6
81. Nxf6 Ke6 82. Nd5 Be1 83. Nc7+ Kf6 84. Nxb5 Kg5 85. Kf3 Kxh5 86. Kg2 Bxb4 87.
Kh1 Kg4 {Game drawn by mutual agreement} 1/2-1/2

[Event "Team 45 45 League T92"]
[Site "Internet Chess Club"]
[Date "2022.04.23"]
[Round "2"]
[White "fireball"]
[Black "liujf"]
[Result "1-0"]
[WhiteElo "1620"]
[BlackElo "1556"]
[Opening "Giuoco Piano: Bird's attack"]
[ECO "C54"]
[Time "17:13:49"]
[PlyCount "139"]
[TimeControl "2700+45"]

1. e4 e5 2. Nf3 Nc6 3. Bc4 Bc5 4. c3 Nf6 5. b4 Bb6 6. d3 d6 7. a4 a6 8. h3 Be6
9. Bxe6 fxe6 10. Nbd2 O-O 11. O-O Nh5 12. Nc4 Ba7 13. Kh2 Nf6 14. Be3 Bxe3 15.
Nxe3 d5 16. Qb3 Re8 17. exd5 exd5 18. c4 dxc4 19. Nxc4 Qe7 20. Ncxe5+ Qe6 21.
Qxe6+ Rxe6 22. Nxc6 Rxc6 23. Rfc1 Rb6 24. Rab1 Nd5 25. Rc4 Rf8 26. Kg1 Rf4 27.
d4 Rbf6 28. Rb2 c6 29. Ne5 Nb6 30. Rcc2 Rxd4 31. Nf3 Rd1+ 32. Kh2 Nxa4 33. Ra2
Nb6 34. Re2 Rd8 35. Re7 Rf7 36. Rae2 Rxe7 37. Rxe7 Rd7 38. Re8+ Kf7 39. Rb8 Kf6
40. Re8 Re7 41. Rf8+ Rf7 42. Re8 Nd5 43. Re4 g5 44. Ne5 Kf5 45. f3 Re7 46. g4+
Kf6 47. Nd3 Rxe4 48. fxe4 Nc3 49. e5+ Ke6 50. Kg3 b6 51. Kf3 Kd5 52. Ke3 Nd1+
53. Kd2 Nf2 54. Nxf2 Kxe5 55. Ke3 h6 56. Nd3+ Kd5 57. Nb2 c5 58. bxc5 bxc5 59.
Kd3 Ke5 60. Ke3 a5 61. Nc4+ Kd5 62. Nxa5 Ke5 63. Nc4+ Kd5 64. Kd3 Ke6 65. Ke4
Kf6 66. Kd5 Kg6 67. Kxc5 h5 68. Kd5 hxg4 69. hxg4 Kf6 70. Kd6 {Black resigns}
1-0

[Event "Team 45 45 League T92"]
[Site "Internet Chess Club"]
[Date "2022.04.23"]
[Round "2"]
[White "fvafier"]
[Black "g8wrb"]
[Result "1-0"]
[WhiteElo "1516"]
[BlackElo "1292"]
[Opening "Réti opening"]
[ECO "A04"]
[Time "06:02:36"]
[PlyCount "119"]
[TimeControl "2700+45"]

1. Nf3 b6 2. g3 Bb7 3. Bg2 Nf6 4. O-O d5 5. d3 e6 6. Nbd2 Bd6 7. b3 Nbd7 8. Bb2
Qe7 9. a3 e5 10. Re1 O-O 11. e4 dxe4 12. dxe4 Rad8 13. Nh4 g6 14. Nc4 Nc5 15. f3
b5 16. Nxd6 cxd6 17. Qe2 Bc6 18. Bc1 Qb7 19. Kh1 a6 20. Bg5 Ncd7 21. Bh3 Rb8 22.
Rad1 d5 23. exd5 Bxd5 24. Bg2 Nh5 25. Qd3 Be6 26. Qe3 f6 27. Bh6 Rfe8 28. f4 Qc7
29. fxe5 Nxe5 30. Bf4 Nxf4 31. Qxf4 Rf8 32. Rd2 Rbd8 33. Nf3 Bd5 34. Red1 Bxf3
35. Bxf3 Rxd2 36. Rxd2 Qc3 37. Bd5+ Kg7 38. Rf2 Qa1+ 39. Kg2 Qxa3 40. Qd4 Qe7
41. Qb6 Qa3 42. Qc7+ Nf7 43. Qd7 Qd6 44. Qb7 Qe5 45. Rd2 Qd6 46. Re2 Qd8 47. Re7
Qb8 48. Qxb8 Rxb8 49. Rxf7+ Kh6 50. Rxf6 Rd8 51. Be4 Rd2+ 52. Kh3 a5 53. Rb6 Re2
54. Bd3 Re5 55. Rxb5 Rxb5 56. Bxb5 Kg7 57. c4 g5 58. c5 Kf8 59. c6 h5 60. c7
{Black resigns} 1-0

[Event "Team 45 45 League T92"]
[Site "Internet Chess Club"]
[Date "2022.04.24"]
[Round "2"]
[White "achessman"]
[Black "gera-carp75"]
[Result "1-0"]
[WhiteElo "1844"]
[BlackElo "1833"]
[Opening "Scandinavian (center counter) defense"]
[ECO "B01"]
[Time "09:17:15"]
[PlyCount "55"]
[TimeControl "2700+45"]

1. e4 d5 2. exd5 Qxd5 3. Nc3 Qd8 4. d4 Nf6 5. Bd3 Bg4 6. f3 Bh5 7. Nge2 e6 8.
Be3 c6 9. Qd2 Bb4 10. a3 Be7 11. O-O Nbd7 12. Bf2 Bg6 13. Ne4 Nxe4 14. Bxe4 Nf6
15. Bd3 Nd5 16. c4 Bg5 17. f4 Nxf4 18. Nxf4 Bxd3 19. Qxd3 Bxf4 20. Qe4 Bh6 21.
Rad1 O-O 22. Rd3 Qb6 23. Rh3 Qxb2 24. Rxh6 gxh6 25. Bh4 h5 26. Bf6 Rad8 27. Qf4
Qc2 28. Bxd8 {Black forfeits on time} 1-0

[Event "Team 45 45 League T92"]
[Site "Internet Chess Club"]
[Date "2022.04.21"]
[Round "2"]
[White "Packerfan"]
[Black "BuddyT"]
[Result "1-0"]
[WhiteElo "1758"]
[BlackElo "1565"]
[Opening "Sicilian: Alapin's variation (2.c3)"]
[ECO "B22"]
[Time "14:30:56"]
[PlyCount "113"]
[TimeControl "2700+45"]

1. e4 c5 2. c3 d5 3. exd5 Qxd5 4. Nf3 Nf6 5. d4 Nc6 6. Be2 cxd4 7. cxd4 e6 8.
Nc3 Qd6 9. O-O Be7 10. Nb5 Qd8 11. Bf4 Nd5 12. Bg3 a6 13. Nc3 O-O 14. Rc1 Nxc3
15. bxc3 b5 16. a4 Bb7 17. axb5 axb5 18. Bxb5 Qa5 19. Bxc6 Bxc6 20. Ne5 Ba4 21.
Qf3 Ba3 22. Nc4 Qa6 23. Nxa3 Bc6 24. Qe3 Qxa3 25. c4 Qa2 26. Rfd1 Rfd8 27. h4
Ra4 28. Rd2 Qa3 29. Qxa3 Rxa3 30. d5 exd5 31. cxd5 Bd7 32. Rc7 f6 33. Bd6 Ra1+
34. Kh2 Re1 35. Bc5 Re4 36. g3 Bg4 37. Kg2 Ree8 38. Ra2 Rxd5 39. Raa7 Bf5 40.
Rxg7+ Kh8 41. Ba3 Rd2 42. g4 Be4+ 43. Kg3 Rd3+ 44. Kh2 Rd2 45. Bc5 Rc2 46. Rgc7
h5 47. g5 Rc1 48. f3 Rc2+ 49. Kg1 Bd3 50. Be7 Rxc7 51. Bxf6+ Kg8 52. Rxc7 Re1+
53. Kf2 Rh1 54. Ke3 Bb5 55. g6 Rg1 56. Rc8+ Be8 57. Rxe8# {Black checkmated} 1-0

[Event "Team 45 45 League T92"]
[Site "Internet Chess Club"]
[Date "2022.04.23"]
[Round "2"]
[White "kabindra"]
[Black "RD1974"]
[Result "1-0"]
[WhiteElo "1652"]
[BlackElo "1573"]
[Opening "Sicilian: closed"]
[ECO "B23"]
[Time "12:03:57"]
[PlyCount "69"]
[TimeControl "2700+45"]

1. e4 c5 2. Nc3 e6 3. Bc4 a6 4. a4 Nc6 5. f4 Qc7 6. d3 Rb8 7. Nf3 Na5 8. Ba2 b5
9. axb5 axb5 10. O-O b4 11. Ne2 Bb7 12. Ng3 Nf6 13. f5 c4 14. dxc4 Nxc4 15. fxe6
dxe6 16. e5 Nxe5 17. Nxe5 Bc5+ 18. Kh1 Qxe5 19. Bf4 Qxb2 20. Bxb8 O-O 21. Bf4
Nd5 22. Bxd5 Bxd5 23. Rb1 Qa3 24. Be5 Qa8 25. Qe2 Qc6 26. Nh5 f6 27. Qg4 Qd7 28.
Bxf6 g6 29. Be5 Rxf1+ 30. Rxf1 Qb5 31. Nf6+ Kf7 32. Qf4 Bxg2+ 33. Kxg2 Qe2+ 34.
Kh1 Be3 35. Qf3 {Black resigns} 1-0

[Event "Team 45 45 League T92"]
[Site "Internet Chess Club"]
[Date "2022.04.20"]
[Round "2"]
[White "tightfist"]
[Black "zethhon"]
[Result "0-1"]
[WhiteElo "1493"]
[BlackElo "1485"]
[Opening "English opening"]
[ECO "A05"]
[Time "23:00:25"]
[PlyCount "48"]
[TimeControl "2700+45"]

1. Nf3 Nf6 2. c4 e6 3. Nc3 d5 4. e3 Be7 5. d4 O-O 6. Bd3 b6 7. O-O dxc4 8. Bxc4
Bb7 9. Ne5 Nbd7 10. Nf3 c5 11. Be2 Qc7 12. Bd2 Rfd8 13. Rc1 Qb8 14. a3 Ne4 15.
Nxe4 Bxe4 16. Qa4 Nf6 17. Rfd1 Ng4 18. g3 Qb7 19. Ba6 Qd5 20. Bc4 Qh5 21. Nh4
Bxh4 22. Be2 Bxg3 23. Bxg4 Qxh2+ 24. Kf1 Qxf2# {White checkmated} 0-1

[Event "Team 45 45 League T92"]
[Site "Internet Chess Club"]
[Date "2022.04.22"]
[Round "2"]
[White "HomerSimpson"]
[Black "cyborg86"]
[Result "1/2-1/2"]
[WhiteElo "2029"]
[BlackElo "2274"]
[Opening "Queen's pawn: London system"]
[ECO "A45"]
[Time "01:12:49"]
[PlyCount "106"]
[TimeControl "2700+45"]

1. d4 Nf6 2. Bf4 e6 3. e3 c5 4. c3 Nc6 5. Nd2 d5 6. Ngf3 Bd6 7. Bg3 O-O 8. Bb5
Be7 9. O-O Nh5 10. Qe2 a6 11. Bd3 f5 12. Ne5 Nxg3 13. hxg3 Nxe5 14. dxe5 Qc7 15.
f4 c4 16. Bc2 Bc5 17. Rab1 b5 18. a3 a5 19. Nf3 b4 20. Ra1 bxa3 21. bxa3 a4 22.
Rfb1 Qe7 23. Nd4 Bd7 24. Qd1 Ra7 25. Ra2 Rfa8 26. g4 g6 27. gxf5 gxf5 28. Qh5
Bxa3 29. g4 Bc5 30. gxf5 exf5 31. Bxf5 Kh8 32. Rh2 Bxf5 33. Qxf5 a3 34. e6 Re8
35. Rg2 a2 36. Qe5+ Qg7 37. Ra1 Qxe5 38. fxe5 Rea8 39. Kh2 Ra6 40. Kh3 Bxd4 41.
exd4 Rxe6 42. Rgxa2 Rh6+ 43. Kg4 Rg8+ 44. Kf5 Rf8+ 45. Kg5 Rg6+ 46. Kh5 Rf5+ 47.
Kh4 Rf4+ 48. Kh5 Rf5+ 49. Kh4 Rfg5 50. Ra6 Rg4+ 51. Kh5 R4g5+ 52. Kh4 Rg4+ 53.
Kh5 R4g5+ {Game drawn by mutual agreement} 1/2-1/2

[Event "Team 45 45 League T92"]
[Site "Internet Chess Club"]
[Date "2022.04.22"]
[Round "2"]
[White "timcent"]
[Black "laurenpar"]
[Result "1-0"]
[WhiteElo "1869"]
[BlackElo "1928"]
[Opening "Dutch defense"]
[ECO "A96"]
[Time "22:03:26"]
[PlyCount "61"]
[TimeControl "2700+45"]

1. d4 e6 2. c4 f5 3. Nf3 Nf6 4. Nc3 d6 5. g3 Be7 6. Bg2 O-O 7. O-O Ne4 8. d5
Nxc3 9. bxc3 e5 10. Nd2 b6 11. e4 f4 12. Nb3 g5 13. Kh1 Qe8 14. Bf3 Qg6 15. Rg1
Kh8 16. gxf4 exf4 17. Nd4 Na6 18. Nc6 Bf6 19. Bxf4 Bxc3 20. Bxg5 Qf7 21. Rg3 Bd7
22. Bh5 Qg7 23. Rc1 Bb2 24. Be3 Qf6 25. Rc2 Be5 26. Nxe5 dxe5 27. f4 Qh4 28.
fxe5 Qxe4+ 29. Rcg2 Rg8 30. e6 Rxg3 31. Qd4+ {Black resigns} 1-0

[Event "Team 45 45 League T92"]
[Site "Internet Chess Club"]
[Date "2022.04.25"]
[Round "2"]
[White "fishhead"]
[Black "Alec-hine"]
[Result "0-1"]
[WhiteElo "1749"]
[BlackElo "1609"]
[Opening "French: Winawer, advance, Russian variation"]
[ECO "C17"]
[Time "12:01:02"]
[PlyCount "68"]
[TimeControl "2700+45"]

1. e4 e6 2. d4 d5 3. Nc3 Bb4 4. e5 c5 5. Qg4 Ne7 6. Qxg7 Rg8 7. Qh6 cxd4 8. a3
Bxc3+ 9. bxc3 Qc7 10. Ne2 Nbc6 11. f4 Bd7 12. Qxh7 dxc3 13. Qd3 d4 14. Nxd4 Nxd4
15. Qxd4 Nf5 16. Qf2 Qc6 17. Rg1 Qe4+ 18. Qe2 Qd5 19. Qd3 Qc5 20. Rh1 Bc6 21. a4
Rd8 22. Qe2 Nd4 23. Qf2 Be4 24. Bb5+ Qxb5 25. axb5 Rxg2 26. Qxg2 Bxg2 27. Rg1
Nxc2+ 28. Ke2 Nxa1 29. Rxg2 Nb3 30. Be3 c2 31. Rg1 Ke7 32. Bc1 Nxc1+ 33. Rxc1
Rh8 34. Rh1 Rxh2+ {White resigns} 0-1

[Event "Team 45 45 League T92"]
[Site "Internet Chess Club"]
[Date "2022.04.26"]
[Round "2"]
[White "mnpaulson"]
[Black "walkover"]
[Result "1/2-1/2"]
[WhiteElo "1506"]
[BlackElo "1687"]
[Opening "Nimzo-Indian: Kmoch variation"]
[ECO "E20"]
[Time "10:03:28"]
[PlyCount "82"]
[TimeControl "2700+45"]

1. d4 Nf6 2. c4 e6 3. Nc3 Bb4 4. f3 Nc6 5. e3 b6 6. Bd3 Bxc3+ 7. bxc3 Ba6 8. e4
Qc8 9. e5 Ng8 10. Nh3 Na5 11. Qe2 Ne7 12. O-O c5 13. Be3 Nf5 14. Bf2 Qc7 15. d5
O-O 16. Qe4 g6 17. Nf4 Bb7 18. h4 d6 19. Rfe1 dxe5 20. Qxe5 Qxe5 21. Rxe5 Nd6
22. dxe6 Naxc4 23. Re2 fxe6 24. Nxe6 Rfe8 25. Rae1 Re7 26. h5 Rae8 27. Bh4 Rd7
28. hxg6 hxg6 29. Bxg6 Rc8 30. Bf6 Ne8 31. Bg5 Na5 32. Kf2 Bd5 33. Nf4 Ng7 34.
Nxd5 Rxd5 35. Re7 Rxg5 36. Bf7+ Kf8 37. Rxa7 Rd8 38. Re2 Nf5 39. Be6 Rg7 40.
Rxa5 bxa5 41. Bxf5 Rd1 {Game drawn by mutual agreement} 1/2-1/2

[Event "Team 45 45 League T92"]
[Site "Internet Chess Club"]
[Date "2022.04.23"]
[Round "2"]
[White "Sloggi"]
[Black "Ajolote"]
[Result "1-0"]
[WhiteElo "1995"]
[BlackElo "1991"]
[Opening "QGD: Neo-orthodox variation, 7.Bh4"]
[ECO "D56"]
[Time "22:00:57"]
[PlyCount "65"]
[TimeControl "2700+45"]

1. d4 Nf6 2. c4 e6 3. Nc3 d5 4. Nf3 Be7 5. Bg5 O-O 6. e3 h6 7. Bh4 Nbd7 8. Rc1
a6 9. cxd5 exd5 10. Bd3 b5 11. O-O Bb7 12. Ne2 Rc8 13. Bf5 g6 14. Bxf6 Bxf6 15.
Bh3 Bg7 16. Bxd7 Qxd7 17. Qd2 Qd6 18. b4 a5 19. bxa5 Ra8 20. Rc2 Ra7 21. Nc1 b4
22. Nd3 Ba6 23. Rfc1 Bxd3 24. Rc6 Qd8 25. Qxd3 Rxa5 26. Qb1 Qa8 27. Rxc7 Rb8 28.
Rxf7 Rc8 29. Rfc7 Rxc7 30. Rxc7 Rxa2 31. Rc1 Qa3 32. Ne5 Qa6 33. h4 {Black
resigns} 1-0

[Event "Team 45 45 League T92"]
[Site "Internet Chess Club"]
[Date "2022.04.21"]
[Round "2"]
[White "kasraei"]
[Black "gera-carp75"]
[Result "0-1"]
[WhiteElo "1716"]
[BlackElo "1850"]
[Opening "Queen's Pawn"]
[ECO "A41"]
[Time "12:20:06"]
[PlyCount "104"]
[TimeControl "2700+45"]

1. d4 d6 2. Bf4 g6 3. c3 Bg7 4. Nd2 Nd7 5. e4 e5 6. Be3 Ngf6 7. Bc4 Qe7 8. f3
O-O 9. Ne2 Kh8 10. d5 Ne8 11. Qc2 f5 12. O-O-O f4 13. Bf2 a6 14. h4 h6 15. h5 g5
16. Nf1 b5 17. Bb3 a5 18. a3 Ba6 19. Nh2 Nef6 20. g4 Rfb8 21. Kd2 Nc5 22. Ke1
Nfd7 23. Kf1 b4 24. axb4 axb4 25. c4 Nb6 26. Bxc5 dxc5 27. Kf2 Bc8 28. Ra1 Bd7
29. Rhd1 Bf8 30. Rdb1 Qe8 31. Nc1 Rb7 32. Nd3 Bd6 33. Nf1 Rba7 34. Qd1 Qc8 35.
Rxa7 Rxa7 36. Ra1 Qa8 37. Rxa7 Qxa7 38. Nd2 c6 39. Qb1 cxd5 40. exd5 Nxd5 41.
Ne4 Bc7 42. cxd5 c4+ 43. Kg2 cxd3 44. Qxd3 Qa1 45. Qc2 Bb5 46. Nd2 Qe1 47. Qxc7
Qxd2+ 48. Kg1 Qe1+ 49. Kg2 Bf1+ 50. Kg1 Bh3+ 51. Kh2 Qg3+ 52. Kh1 Qg2# {White
checkmated} 0-1

[Event "Team 45 45 League T92"]
[Site "Internet Chess Club"]
[Date "2022.04.23"]
[Round "2"]
[White "cadmiumorange"]
[Black "Timmah4651"]
[Result "1-0"]
[WhiteElo "1800"]
[BlackElo "1678"]
[Opening "French: King's Indian attack"]
[ECO "C00"]
[Time "06:12:53"]
[PlyCount "81"]
[TimeControl "2700+45"]

1. e4 e6 2. d3 d5 3. Nd2 c5 4. Ngf3 Nc6 5. g3 Nf6 6. Bg2 dxe4 7. dxe4 e5 8. O-O
Be7 9. Re1 Bg4 10. c3 Bxf3 11. Qxf3 b5 12. Nf1 Qc7 13. Ne3 h6 14. Nd5 Qb7 15.
Be3 b4 16. Rac1 Rc8 17. Bh3 Rd8 18. Nxe7 Qxe7 19. cxb4 Nd4 20. Bxd4 cxd4 21. Rc5
Nd7 22. Bxd7+ Rxd7 23. Qf5 f6 24. Qg6+ Kf8 25. Rec1 Qf7 26. Rc8+ Ke7 27. Qxf7+
Kxf7 28. Rxh8 d3 29. Kf1 Rd4 30. Rc7+ Kg6 31. Ke1 Rxe4+ 32. Kd2 Rxb4 33. Kxd3
Rxb2 34. Rg8 Kf5 35. Rgxg7 e4+ 36. Ke3 Rxa2 37. Rxa7 Rb2 38. g4+ Ke6 39. Ra6+
Kd5 40. Rd7+ Kc5 41. Rxf6 {Black resigns} 1-0

[Event "Team 45 45 League T92"]
[Site "Internet Chess Club"]
[Date "2022.04.22"]
[Round "2"]
[White "fireball"]
[Black "KidRattler"]
[Result "0-1"]
[WhiteElo "1606"]
[BlackElo "1711"]
[Opening "Scandinavian (center counter) defense"]
[ECO "B01"]
[Time "14:16:49"]
[PlyCount "120"]
[TimeControl "2700+45"]

1. e4 d5 2. exd5 Qxd5 3. Nc3 Qd8 4. Nf3 Nf6 5. Bc4 a6 6. O-O Bf5 7. Nh4 Bg6 8.
Nxg6 hxg6 9. d3 e6 10. Qf3 Nc6 11. Bf4 Bd6 12. Bxd6 cxd6 13. Rfe1 O-O 14. Rad1
d5 15. Bb3 Nd4 16. Qh3 b5 17. Qh4 Nf5 18. Qh3 Qc7 19. g4 Nd4 20. g5 Nh5 21. Qg4
Qf4 22. Qxf4 Nxf4 23. Re3 Rac8 24. Rd2 Nxb3 25. cxb3 d4 26. Rf3 dxc3 27. bxc3
Nd5 28. c4 Ne7 29. Rf4 Nf5 30. cxb5 axb5 31. Rb4 Rc5 32. f4 Rfc8 33. Kf2 Nd6 34.
d4 Rc3 35. Kg2 Rc1 36. a4 bxa4 37. bxa4 Ra1 38. Rdb2 Kh7 39. R2b3 Rc2+ 40. Kh3
Raa2 41. Rb6 Nf5 42. Rb7 Rxh2+ 43. Kg4 Raf2 44. Rh3+ Rxh3 45. Kxh3 Rf3+ 46. Kg2
Nh4+ 47. Kg1 Rxf4 48. Rd7 Nf3+ 49. Kg2 Nxd4 50. a5 Nc6 51. a6 Rf5 52. a7 Rxg5+
53. Kf2 Nxa7 54. Rxa7 Rf5+ 55. Kg3 g5 56. Ra4 f6 57. Ra7 Kg6 58. Re7 e5 59. Kg4
e4 60. Kg3 Re5 {White resigns} 0-1

[Event "Team 45 45 League T92"]
[Site "Internet Chess Club"]
[Date "2022.04.21"]
[Round "2"]
[White "BRJAK0530"]
[Black "primerpaso"]
[Result "0-1"]
[WhiteElo "1848"]
[BlackElo "1894"]
[Opening "Sicilian: Najdorf, 7...Be7 main line"]
[ECO "B99"]
[Time "14:00:20"]
[PlyCount "176"]
[TimeControl "2700+45"]

1. e4 c5 2. Nf3 d6 3. d4 cxd4 4. Nxd4 Nf6 5. Nc3 a6 6. Bg5 e6 7. f4 Be7 8. Qf3
Qc7 9. O-O-O Nbd7 10. g4 b5 11. Bxf6 gxf6 12. f5 Nc5 13. Qh3 b4 14. Nce2 e5 15.
Nb3 Nxe4 16. Qe3 Nc5 17. Bg2 Bb7 18. Bxb7 Qxb7 19. Nxc5 dxc5 20. Ng3 h6 21. Ne4
Qc6 22. Rd2 Rd8 23. Rxd8+ Kxd8 24. Re1 Kc7 25. h3 c4 26. g5 hxg5 27. Nxg5 Qc5
28. Qxc5+ Bxc5 29. Ne4 Kc6 30. Rh1 Be7 31. h4 Kd5 32. Ng3 Bc5 33. h5 c3 34. bxc3
bxc3 35. Kd1 Be3 36. Ke2 Bf4 37. Kf3 Bxg3 38. Kxg3 Ke4 39. Kg4 Rg8+ 40. Kh4 Kxf5
41. Rf1+ Ke6 42. h6 f5 43. Kh5 Kf6 44. Rb1 Rg5+ 45. Kh4 Kg6 46. Rb6+ f6 47. Rxa6
Rg4+ 48. Kh3 Kxh6 49. Rxf6+ Kg5 50. Rc6 Ra4 51. Rxc3 Rxa2 52. Kg3 Ra4 53. Rc8
Rg4+ 54. Kf2 Kf4 55. c4 Ke4 56. c5 Kd5 57. c6 Kd6 58. c7 Rc4 59. Rf8 Rf4+ 60.
Ke3 Kxc7 61. Rf6 Kd7 62. Ra6 Ke7 63. Rb6 Rd4 64. Ra6 Rd6 65. Ra5 Kf6 66. Rb5 Ra6
67. Rc5 Ra3+ 68. Ke2 e4 69. Rb5 Kg5 70. Rb2 Kf4 71. Kf2 Rh3 72. Kg2 Rg3+ 73. Kf2
e3+ 74. Kf1 Kf3 75. Rf2+ Kg4 76. Ra2 f4 77. Rb2 Rh3 78. Rg2+ Kf3 79. Rf2+ Ke4
80. Ra2 Rh1+ 81. Kg2 Rd1 82. Ra4+ Rd4 83. Ra8 Rd2+ 84. Kf1 Kf3 85. Ra1 e2+ 86.
Ke1 Rd1+ 87. Rxd1 exd1=Q+ 88. Kxd1 Kg2 {White resigns} 0-1

[Event "Team 45 45 League T92"]
[Site "Internet Chess Club"]
[Date "2022.04.24"]
[Round "2"]
[White "LookImYourVader"]
[Black "pmarcal"]
[Result "1/2-1/2"]
[WhiteElo "1765"]
[BlackElo "1711"]
[Opening "Sicilian: Alapin's variation (2.c3)"]
[ECO "B22"]
[Time "18:02:00"]
[PlyCount "86"]
[TimeControl "2700+45"]

1. e4 c5 2. c3 Nf6 3. e5 Nd5 4. d4 cxd4 5. cxd4 d6 6. Nf3 Bg4 7. h3 Bh5 8. Qb3
Nb6 9. Bb5+ N8d7 10. g4 Bg6 11. Bg5 Bxb1 12. Rxb1 d5 13. e6 fxe6 14. Ne5 a6 15.
Qf3 Qb8 16. Qf7+ Kd8 17. Nxd7 Nxd7 18. Bf4 e5 19. Bxd7 exf4 20. Qxd5 Qd6 21.
Qxd6 exd6 22. Bf5 g6 23. Be4 Bg7 24. Bxb7 Ra7 25. Bc6 Bxd4 26. O-O Be5 27. b3
Ke7 28. Bd5 Rc8 29. Bc4 Rc5 30. Rbd1 a5 31. Kg2 Kf6 32. Kf3 a4 33. Rd3 a3 34.
Rfd1 Rd7 35. Rd5 Rdc7 36. Rxc5 Rxc5 37. Ke4 g5 38. f3 h6 39. Rd5 Rxd5 40. Kxd5
Ke7 41. Kc6 Bc3 42. Bd5 Bd2 43. Bg8 Bc3 {Game drawn by mutual agreement} 1/2-1/2

[Event "Team 45 45 League T92"]
[Site "Internet Chess Club"]
[Date "2022.04.25"]
[Round "2"]
[White "clarinetref"]
[Black "ElValero"]
[Result "0-1"]
[WhiteElo "1459"]
[BlackElo "1754"]
[Opening "French: exchange variation"]
[ECO "C01"]
[Time "09:04:49"]
[PlyCount "74"]
[TimeControl "2700+45"]

1. e4 e6 2. d4 d5 3. exd5 exd5 4. Bd3 Bd6 5. Ne2 Nf6 6. Bf4 Nc6 7. c3 O-O 8. O-O
Re8 9. Bxd6 Qxd6 10. Ng3 Bg4 11. f3 Bd7 12. Na3 a6 13. Re1 b5 14. Bf5 b4 15.
Rxe8+ Rxe8 16. Bxd7 Nxd7 17. Nc2 bxc3 18. bxc3 g6 19. Qf1 Na5 20. a4 Re3 21.
Nxe3 c5 22. Qe2 cxd4 23. cxd4 Qb4 24. Nxd5 Qxd4+ 25. Qe3 Qxa1+ 26. Kf2 Qa2+ 27.
Qe2 Qxd5 28. Qe8+ Kg7 29. Ne4 Nc4 30. Qe7 Qd4+ 31. Kg3 Qe5+ 32. Qxe5+ Ndxe5 33.
Nc5 a5 34. f4 Nc6 35. Kf3 Nd4+ 36. Ke4 Ne6 37. g3 Nxc5+ {White resigns} 0-1

[Event "Team 45 45 League T92"]
[Site "Internet Chess Club"]
[Date "2022.04.24"]
[Round "2"]
[White "kabindra"]
[Black "Electryon"]
[Result "1-0"]
[WhiteElo "1730"]
[BlackElo "1463"]
[Opening "French: advance, Euwe variation"]
[ECO "C02"]
[Time "17:30:27"]
[PlyCount "53"]
[TimeControl "2700+45"]

1. e4 e6 2. d4 d5 3. e5 c5 4. c3 Nc6 5. Nf3 Bd7 6. Bd3 cxd4 7. cxd4 Qb6 8. O-O
Nxd4 9. Nbd2 Bc5 10. b4 Nxf3+ 11. Nxf3 Qxb4 12. Qe2 Bc6 13. Rb1 Qa4 14. Rxb7 Ne7
15. Ng5 h6 16. Nxe6 fxe6 17. Qh5+ g6 18. Bxg6+ Nxg6 19. Qxg6+ Kd8 20. Qf6+ Kc8
21. Rf7 Re8 22. Be3 d4 23. Bxh6 d3 24. Qg7 Bb6 25. Rc1 Qe4 26. Be3 Qxg2+ 27.
Qxg2 {Black resigns} 1-0

[Event "Team 45 45 League T92"]
[Site "Internet Chess Club"]
[Date "2022.04.26"]
[Round "2"]
[White "DaveTheRook"]
[Black "jjmolina1"]
[Result "1/2-1/2"]
[WhiteElo "1388"]
[BlackElo "1446"]
[Opening "Réti: King's Indian attack"]
[ECO "A05"]
[Time "13:18:34"]
[PlyCount "80"]
[TimeControl "2700+45"]

1. Nf3 Nf6 2. g3 g6 3. Bg2 Bg7 4. O-O O-O 5. d3 d6 6. e4 e5 7. c3 c5 8. Nbd2 Nc6
9. a3 b6 10. Re1 Bb7 11. Qc2 Rc8 12. Nf1 h6 13. Bh3 Rc7 14. Ne3 Bc8 15. Bg2 Bb7
16. Bh3 Bc8 17. Bg2 Bb7 18. Bd2 Ba6 19. c4 Re8 20. Bh3 Bc8 21. Bg2 Bb7 22. Qa4
a6 23. Bh3 Nb8 24. Rac1 Bc6 25. Qb3 Rb7 26. Qc2 Bd7 27. Bg2 Nc6 28. h3 Kh7 29.
Kh2 a5 30. Nd1 Na7 31. Nc3 Bc6 32. Nh4 Rbe7 33. Re2 b5 34. Ree1 b4 35. Ne2 Qb8
36. axb4 axb4 37. b3 Rb7 38. Ra1 Qc7 39. Ra6 Nc8 40. Rea1 Ra7 {Game drawn by
mutual agreement} 1/2-1/2

[Event "Team 45 45 League T92"]
[Site "Internet Chess Club"]
[Date "2022.04.23"]
[Round "2"]
[White "Chess4Him"]
[Black "WillC"]
[Result "1-0"]
[WhiteElo "1472"]
[BlackElo "1531"]
[Opening "Queen's pawn, Mason variation"]
[ECO "D00"]
[Time "11:03:42"]
[PlyCount "150"]
[TimeControl "2700+45"]

1. d4 d5 2. Bf4 Nf6 3. e3 c5 4. c3 Qb6 5. Qb3 Nc6 6. dxc5 Qxc5 7. Nf3 a6 8. Nbd2
e6 9. Bd3 Bd6 10. Bxd6 Qxd6 11. O-O O-O 12. Rfd1 Qc7 13. h3 e5 14. Be2 Be6 15.
c4 Na5 16. Qc3 dxc4 17. Qxe5 Qxe5 18. Nxe5 b5 19. a4 Nb7 20. Bf3 Bd5 21. Bxd5
Nxd5 22. Ndf3 Nb4 23. axb5 axb5 24. Nd4 f6 25. Nd7 Rxa1 26. Rxa1 Rd8 27. Nb6 Nd6
28. Rd1 Nd3 29. b3 Nb2 30. Rd2 c3 31. Rc2 b4 32. Nc6 Re8 33. Nxb4 Nb5 34. Nc4
Nxc4 35. bxc4 Nd6 36. Rxc3 Rc8 37. c5 Ne4 38. Rc2 Rxc5 39. Rxc5 Nxc5 40. g4 g5
41. Kg2 Kf7 42. Kf3 Kg6 43. Nd5 Ne6 44. Ke4 Nc5+ 45. Kf3 Nd3 46. Ne7+ Kf7 47.
Nf5 Ne5+ 48. Ke4 Kg6 49. f4 Nf7 50. Ne7+ Kg7 51. f5 Ne5 52. Nd5 Kf7 53. Nc7 Ke7
54. Ne6 h6 55. Ng7 Nf7 56. Nh5 Ne5 57. Kd4 Nf3+ 58. Kd5 Ng1 59. Ke4 Ne2 60. Kf3
Nc3 61. e4 Nb5 62. Ke3 Kf7 63. Kd3 Nd6 64. Kd4 Ne8 65. Kd5 Nc7+ 66. Kd6 Ne8+ 67.
Kd7 Kf8 68. Ke6 Nc7+ 69. Kxf6 Nb5 70. Kg6 Nc3 71. e5 Ne4 72. f6 Nf2 73. e6 Nxh3
74. e7+ Ke8 75. Ng7+ Kd7 {Black resigns} 1-0